 Dungeon Crawl Stone Soup version 0.28-a0-883-gc8d7bad45d (webtiles) character file.

Game seed: 15744208741450963570

139 Bravis the Skirmisher (level 5, -6/47 HPs)
             Began as a Draconian Monk on Nov 22, 2021.
             Mangled by an ogre (32 damage)
             ... on level 4 of the Dungeon.
             The game lasted 00:15:34 (2415 turns).

Bravis the Skirmisher (Draconian Monk)              Turns: 2415, Time: 00:15:35

Health: -6/47      AC:  5    Str: 19    XL:     5   Next: 1%
Magic:  5/5        EV: 17    Int: 11    God:
Gold:   364        SH:  0    Dex: 14    Spells: 4/4 levels left

rFire   . . .      SeeInvis .     - Unarmed
rCold   . . .      Faith    .   (no shield)
rNeg    . . .      Spirit   .   (armour unavailable)
rPois   .          Reflect  .   (helmet restricted)
rElec   .          Harm     +   a - scarf {harm}
rCorr   .          Rampage  .   (no gloves)
Will    .....                   (no boots)
Stlth   ++........              b - amulet of regeneration
HPRegen 1.15/turn               g - +6 ring of strength
MPRegen 0.09/turn               h - +4 ring of evasion

@: no status effects
A: AC +5, unfitting armour, cold-blooded
a: no special abilities


You were on level 4 of the Dungeon.
You visited 1 branch of the dungeon, and saw 4 of its levels.

You collected 1501 gold pieces.
You spent 1137 gold pieces at shops.

Inventory:

Armour
 a - a scarf of harm (worn)
Jewellery
 b - an amulet of regeneration (around neck)
 g - a +6 ring of strength (left hand)
 h - a +4 ring of evasion (right hand)
Wands
 d - a wand of polymorph (11)
 j - a wand of paralysis (3)
Potions
 c - a potion of brilliance
 e - a potion of magic {unknown}
 f - 2 potions of curing {unknown}
 i - a potion of attraction {unknown}


   Skills:
 + Level 4.5 Fighting
 + Level 3.7 Dodging
 - Level 1.7 Stealth
 + Level 4.1 Unarmed Combat


You had 4 spell levels left.
You didn't know any spells.
Your spell library contained the following spells:

 Spells                   Type           Power      Damage    Failure   Level
 Passwall                 Tmut/Erth      0%         N/A       47%         2
 Swiftness                Air            0%         N/A       71%         3


Dungeon Overview and Level Annotations

Branches:
Dungeon (4/15)
 Temple: D:4-7

Altars:

Shops:
D:1 [?[==


Innate Abilities, Weirdness & Mutations

Your plain brown scales are hard. (AC +5)
You cannot fit into any form of body armour.
You are cold-blooded and may be slowed by cold attacks.


Message History

The ufetubus hits you but does no damage.
The ufetubus misses you.
You hit the ogre.
The ogre is moderately wounded.
The ufetubus completely misses you.
The ufetubus hits you but does no damage.
The ogre closely misses you.
You hit the ogre but do no damage. You tail-slap the ogre.
The ogre is moderately wounded.
The ufetubus barely misses you.
The ufetubus hits you but does no damage.
The ufetubus barely misses you. The ufetubus closely misses you.
The ogre completely misses you. The ufetubus misses you. The ufetubus hits you.
Found a stone staircase leading down.
You closely miss the ufetubus. You tail-slap the ufetubus.
The ufetubus is lightly wounded.
The ufetubus barely misses you. x2
You hit the ufetubus but do no damage.
You tail-slap the ufetubus, but do no damage.
The ufetubus is lightly wounded.
The ufetubus misses you.
The ufetubus hits you but does no damage.
The ufetubus hits you. x2
You miss the ufetubus.
Your tail-slap misses the ufetubus.
The ufetubus is lightly wounded.
The ufetubus completely misses you.
The ufetubus hits you but does no damage.
You hit the ufetubus.
You kill the ufetubus!
You have reached level 5!
Aiming: Paralyse
Press: ? - help, Shift-Dir - straight line, f - ogre
Aim: an ogre, wielding a +0 giant club (moderately wounded, chance to affect: 46%)
The ogre resists with some effort.
The ogre hits you with a +0 giant club.
You punch the ogre! You tail-slap the ogre.
The ogre is severely wounded.
The ogre hits you with a +0 giant club!!
Ouch! That really hurt!
You die...

#..##....#.=..
#.............. .
###.......###...
..####...........#.
.
>...................
##.......##$........
.........#..........
................$...
#....@#...........
##...#O......)...
#...#............
#...##.##.......#
### #........... ###
....... #..... #..#.
.<#


You could see an ogre.

Vanquished Creatures
  Jessica (D:2)
  Robin (D:2)
  2 adders
  An ufetubus (D:4)
  An adder skeleton (D:3)
  2 dart slugs
  2 orcs
  7 bats
  3 endoplasms
  A giant cockroach (D:1)
  14 goblins
  8 hobgoblins
  2 jackals (D:1)
  7 ball pythons
  4 kobolds
  7 rats
63 creatures vanquished.

Notes
Turn   | Place    | Note
-------+----------+-------------------------------------------
     0 | D:1      | Bravis the Draconian Monk began the quest for the Orb.
     0 | D:1      | Reached XP level 1. HP: 19/19 MP: 1/1
    65 | D:1      | Found Nuimel's Jewellery Boutique.
   227 | D:1      | Reached XP level 2. HP: 26/26 MP: 2/2
   265 | D:1      | Found Oczummof's Magic Scroll Emporium.
   353 | D:1      | Found Abeciar's Antique Armour Shop.
   586 | D:1      | Reached XP level 3. HP: 33/33 MP: 3/3
   633 | D:1      | Found Rese's Jewellery Shoppe.
   798 | D:1      | Found Asmuash's Antique Armour Emporium.
   894 | D:2      | Noticed Jessica
   895 | D:2      | Killed Jessica
   920 | D:2      | Reached XP level 4. HP: 40/40 MP: 4/4
   954 | D:2      | Noticed Robin
   968 | D:2      | Killed Robin
  1493 | D:3      | Identified a scroll of acquirement
  1493 | D:3      | Acquired 1265 gold pieces
  1571 | D:1      | Bought a +6 ring of strength for 585 gold pieces
  1571 | D:1      | Bought a +4 ring of evasion for 360 gold pieces
  1669 | D:1      | Bought an embroidered scarf for 192 gold pieces
  2391 | D:4      | Noticed an ogre
  2414 | D:4      | Reached XP level 5. HP: 30/47 MP: 5/5
  2415 | D:4      | Mangled by an ogre

Illustrated notes

Levels and vault maps discovered:
D:1:      minmay_arrival_four_loops, layout_basic, serial_shops, shop,
          nicolae_shop_advertising_works [nicolae_subvault_shop_adworks], shop,
          shop_coins, shop
D:2:      minmay_general_purpose_star, layout_basic, uniq_jessica, uniq_robin
D:3:      layout_basic
D:4:      minmay_octagon_keep, layout_cave_pools, minmay_temple_entry_trees,
          ebering_ghost_rock_garden, minmay_close_crescents

Skill      XL: |  1  2  3  4 |
---------------+-------------+-----
Dodging        | 3 |  3.7
Fighting       | 4 |  4.5
Unarmed Combat | 4 |  4.1
Stealth        | |  1.7

Action                   |  1- 3 |  4- 6 || total
-------------------------+-------+-------++-------
Melee: Unarmed           |    76 |   108 ||   184
       Tailslap          |    19 |    19 ||    38
       Punch             |     2 |     2 ||     4
Evoke: Wand              |       |     1 ||     1
  Use: Scroll            |     1 |     2 ||     3
 Stab: Sleeping          |     4 |     1 ||     5
       Distracted        |       |     1 ||     1
Armor: Skin              |    36 |    33 ||    69
Dodge: Dodged            |    47 |   108 ||   155

Table legend: (Time is in decaauts)
 A = Elapsed time spent in this place.
 B = Non-inter-level travel time spent in this place.
 C = Inter-level travel time spent in this place.
 D = Time resting spent in this place.
 E = Time spent auto-exploring this place.
 F = Levels seen in this place.
 G = Mean time per level.
                   A        B        C        D        E       F      G
               +--------+--------+--------+--------+--------+-----+--------+
         Total |   2403 |   2105 |    298 |      0 |   1674 |   4 |  600.8 |
       Dungeon |   2403 |   2105 |    298 |      0 |   1674 |   4 |  600.8 |
               +--------+--------+--------+--------+--------+-----+--------+

Top non-repeatable levels by time:
     D:1: 1026 daAuts
     D:3: 729 daAuts
     D:2: 614 daAuts
     D:4: 33 daAuts
